 Dungeon Crawl Stone Soup version 0.28.0-45-g0d030f2227 (webtiles) character file.

Game seed: 11119321957382513575

1316 Acheron the Chopper (level 8, -1/67 HPs)
             Began as a Minotaur Warper on Apr 10, 2022.
             Was a Believer of Trog.
             Slain by an orc warrior
             ... wielding a +0 glaive
              (7 damage)
             ... on level 7 of the Dungeon.
             The game lasted 00:19:38 (5097 turns).

Acheron the Chopper (Minotaur Warper)               Turns: 5097, Time: 00:19:38

Health: -1/67      AC:  8    Str: 16    XL:     8   Next: 33%
Magic:  9/9        EV: 12    Int: 10    God:    Trog [**....]
Gold:   105        SH:  0    Dex: 12    Spells: 7/9 levels left

rFire   + . .      SeeInvis +   o - +2 war axe (freeze)
rCold   + . .      Faith    .   (no shield)
rNeg    . . .      Spirit   .   j - +0 ring mail
rPois   +          Reflect  .   (helmet restricted)
rElec   .          Harm     .   J - scarf {rC+ rF+}
rCorr   .          Rampage  .   B - +0 pair of gloves
Will    .....                   p - +0 pair of boots
Stlth   +.........              (no amulet)
HPRegen 0.21/turn               u - ring of poison resistance
MPRegen 0.11/turn               H - ring of see invisible

@: no status effects
A: horns 2, retaliatory headbutt
a: Renounce Religion, Berserk, Trog's Hand


You were on level 7 of the Dungeon.
You worshipped Trog.
Trog was pleased with you.
You visited 1 branch of the dungeon, and saw 8 of its levels.

You collected 322 gold pieces.
You spent 217 gold pieces at shops.

Inventory:

Hand Weapons
 l - a +4 vampiric short sword
 o - a +2 war axe of freezing (weapon)
 q - the +7 flail "Uddolaqe" {flame, rN+ rCorr}
   (You found it on level 7 of the Dungeon)

   It burns those it strikes, dealing additional fire damage.
   rN:        It protects you from negative energy.
   rCorr:     It protects you from acid and corrosion.
 K - a +0 demon blade
Missiles
 d - 5 boomerangs of dispersal (quivered)
 k - 14 poisoned darts
 E - 3 boomerangs
Armour
 j - a +0 ring mail (worn)
 p - a +0 pair of boots (worn)
 B - a +0 pair of gloves (worn)
 J - a scarf of resistance (worn)
Jewellery
 s - a ring of ice
 u - a ring of poison resistance (left hand)
 F - a ring of fire
 H - a ring of see invisible (right hand)
Wands
 A - a wand of flame (12)
 I - a wand of iceblast (9)
 L - a wand of mindburst (11)
Scrolls
 b - a scroll of enchant weapon {unknown}
 c - 2 scrolls of blinking
 g - 2 scrolls of fog {unknown}
 h - 2 scrolls of identify
 i - a scroll of holy word {unknown}
 m - a scroll of fear {unknown}
 r - 2 scrolls of immolation {unknown}
 v - a scroll of amnesia {unknown}
 w - 4 scrolls of noise {unknown}
 x - a scroll of magic mapping
 y - 2 scrolls of teleportation
 z - a scroll of summoning
 C - a scroll of silence {unknown}
Potions
 a - 2 potions of curing
 e - a potion of heal wounds
 f - a potion of attraction {unknown}
 n - 2 potions of might
 t - a potion of haste
 D - a potion of brilliance {unknown}
 G - 2 potions of resistance {unknown}


   Skills:
 * Level 4.7 Fighting
 + Level 0.3(1.7) Short Blades
 + Level 3.1(3.2) Long Blades
 * Level 6.7 Axes
 * Level 0.1(4.1) Maces & Flails
 * Level 3.1 Throwing
 * Level 5.1 Armour
 * Level 3.9 Dodging
 * Level 2.5 Stealth
 - Level 1.4 Spellcasting
 - Level 2.3 Translocations
 * Level 1.6 Evocations


You had 7 spell levels left.
You knew the following spells:

 Your Spells              Type           Power      Damage    Failure   Level
a - Blink                 Tloc           10%        N/A       34%         2

Your spell library contained the following spells:

 Spells                   Type           Power      Damage    Failure   Level
 Gell's Gravitas          Tloc           5%         N/A       56%         3
 Lesser Beckoning         Tloc           5%         N/A       56%         3
 Teleport Other           Tloc           5%         N/A       56%         3
 Corpse Rot               Necr/Air       0%         N/A       65%         2
 Portal Projectile        Hex/Tloc       6%         N/A       73%         3
 Airstrike                Air            0%         N/A       99%         4
 Olgreb's Toxic Radiance  Pois           0%         N/A       99%         4
 Manifold Assault         Tloc           5%         N/A       99%         5
 Ozocubu's Refrigeration  Ice            0%         4d5       100%        7
 Ignition                 Fire           0%         3d3       100%        8


Dungeon Overview and Level Annotations

Branches:
Dungeon (8/15)
 Temple: D:4-7         Lair: D:8-11

Altars:
Trog
Vehumet

Shops:
D:2 (??:(   D:4 *   D:7 ?

Annotations:
D:4 exclusion: downstairs
D:5 Ijyb


Innate Abilities, Weirdness & Mutations

You have a pair of horns on your head.
You reflexively headbutt those who attack you in melee.


Message History

q - the +7 flail "Uddolaqe" {flame, rN+ rCorr}
J - a scarf of resistance (worn)
Found an escape hatch in the ceiling.
A wight comes into view. It is wielding a +2 war axe of flaming.
A bullfrog zombie comes into view.
The bullfrog zombie moves out of view.
You see here a +0 dagger.
There is a stone staircase leading down here.
You climb downwards.
There is a stone staircase leading up here.
A polar bear comes into view.
A hornet simulacrum comes into view.
There is a stone staircase leading up here.
You climb upwards.
There is a stone staircase leading down here.
You see here a +0 robe.
The orc shouts!
The orc hits you but does no damage.
You slash the orc! You freeze the orc.
You kill the orc!
Trog accepts your kill.
Things that are here:
a +0 hand axe; an orc corpse The orc warrior hits you from afar with a +0 glaive!!
The orc warrior hits you with a +0 glaive!!
There is an open door, spattered with blood here.
You barely miss the orc warrior.
The orc warrior hits you with a +0 glaive.
The orc warrior hits you with a +0 glaive!!
* * * LOW HITPOINT WARNING * * *
You hit the orc warrior. You freeze the orc warrior.
The orc warrior is moderately wounded.
The orc warrior misses you.
You hit the orc warrior but do no damage.
The orc warrior is moderately wounded.
The orc warrior barely misses you.
You closely miss the orc warrior. You headbutt the orc warrior!
The orc warrior is heavily wounded.
The orc warrior hits you with a +0 glaive!
You die...

##...####..>..#$... ###
##########..#..##..#.....######.>
#..........###..................#
########..##.##....#......##....†
##..###'###..##......#######
##..#.......#..#.....##
##..###.....###.......######
##..##.##...##o##............
##..###'###.###@###..#.#######
#...........)...........#
##########.#######......# #.#
######.# #.# ..# #.# #.# #.# .#
#.# .# ..#


You could see an orc warrior.

Vanquished Creatures
  A sky beast (D:6)
  A black bear (D:7)
  An ice beast (D:6)
  A phantom (D:6)
  2 bullfrogs
  3 scorpions
  A wyvern skeleton (D:6)
  4 killer bees (D:7)
  3 hounds
  A centaur skeleton (D:7)
  Natasha (thrice) (D:4)
  An iguana (D:3)
  A mummy (D:7)
  A howler monkey skeleton (D:6)
  7 river rats (D:6)
  An adder (D:3)
  A shadow imp (D:7)
  2 worms
  2 dart slugs
  11 orcs
  3 ball pythons
  4 endoplasms
  2 giant cockroaches
  9 goblins
  8 hobgoblins
  4 jackals (D:2)
  10 quokkas
  3 bats
  A frilled lizard (D:1)
  A hobgoblin zombie (D:7)
  15 kobolds
  An orc zombie (D:7)
  A quokka skeleton (D:4)
  38 rats
148 creatures vanquished.

Notes
Turn   | Place    | Note
-------+----------+-------------------------------------------
     0 | D:1      | Acheron the Minotaur Warper began the quest for the Orb.
     0 | D:1      | Reached XP level 1. HP: 18/18 MP: 1/1
    46 | D:1      | Reached XP level 2. HP: 17/25 MP: 3/3
   485 | D:1      | Learned a level 2 spell: Blink
   706 | D:1      | Reached XP level 3. HP: 31/31 MP: 4/4
   770 | D:2      | Found a faded altar of an unknown god.
   781 | D:2      | Reached skill level 1 in Stealth
   907 | D:2      | Found Doanlaxt's Weapon Shoppe.
   962 | D:3      | Got Qorch's Handbook of the Quantum Birds
  1030 | D:3      | Noticed a scorpion
  1054 | D:3      | Killed a scorpion
  1055 | D:3      | Reached skill level 1 in Axes
  1055 | D:3      | Reached XP level 4. HP: 28/38 MP: 5/5
  1230 | D:3      | Noticed an ogre
  1320 | D:4      | Noticed Natasha
  1329 | D:4      | Killed Natasha
  1330 | D:4      | Reached XP level 5. HP: 43/45 MP: 6/6
  1337 | D:4      | Noticed Natasha
  1341 | D:5      | Entered Level 5 of the Dungeon
  1341 | D:5      | Noticed Ijyb
  1341 | D:5      | Found a glowing drain.
  1348 | D:4      | Killed Natasha
  1465 | D:3      | Reached skill level 2 in Axes
  1805 | D:2      | Found Ciugaes's Book Boutique.
  1846 | D:2      | Found Papist's Magic Scroll Shoppe.
  1884 | D:2      | Bought a scroll of magic mapping for 38 gold pieces
  1884 | D:2      | Bought a scroll of identify for 22 gold pieces
  1884 | D:2      | Bought a scroll of teleportation for 33 gold pieces
  1884 | D:2      | Bought a scroll of summoning for 104 gold pieces
  2002 | D:2      | Found Icommawn's Weapon Shop.
  2094 | D:2      | Found Himeubbu's Magic Scroll Shoppe.
  2098 | D:2      | Bought a scroll of identify for 20 gold pieces
  2192 | D:2      | Reached skill level 3 in Axes
  2663 | D:2      | Prayed at the altar of an unknown god.
  2663 | D:2      | Became a worshipper of Trog the Wrathful
  2663 | D:2      | Reached * piety under Trog
  2697 | D:3      | Reached XP level 6. HP: 51/51 MP: 7/7
  2986 | D:4      | Found Wyulori's Assorted Antiques.
  2991 | D:4      | Noticed Natasha
  3002 | D:4      | Killed Natasha
  3123 | D:4      | Found a radiant altar of Vehumet.
  3143 | D:5      | You fall into a shaft and drop 1 floor!
  3158 | D:5      | Noticed a sky beast
  3178 | D:6      | Noticed an ice beast
  3184 | D:6      | Killed an ice beast
  3185 | D:6      | Reached skill level 4 in Axes
  3403 | D:7      | Reached XP level 7. HP: 54/58 MP: 8/8
  3541 | D:6      | Reached skill level 5 in Axes
  3627 | D:6      | Reached skill level 1 in Evocations
  3632 | D:6      | Reached ** piety under Trog
  4144 | D:6      | Reached XP level 8. HP: 61/67 MP: 9/9
  4210 | D:6      | Reached skill level 6 in Axes
  4246 | D:6      | Noticed a two-headed ogre
  4458 | D:7      | Identified the +7 flail "Uddolaqe" {flame, rN+ rCorr}
  4462 | D:7      | HP: 1/67 [centaur/arrow (6)]
  4478 | D:7      | Found Jitenagh's Magic Scroll Shop.
  4723 | D:7      | Reached skill level 5 in Armour
  5025 | D:8      | Noticed a polar bear
  5097 | D:7      | Slain by an orc warrior

Illustrated notes

Levels and vault maps discovered:
D:1:      roderic_dead_forest, layout_rooms, minmay_pentomino_v4
D:2:      cheibrodos_old_hovel, layout_basic, serial_shops, shop_statue,
          nicolae_shop_bloodbath_and_beyond, shop, nicolae_diamond_shop,
          shop_scrolls, ebering_ecumenical_altar_box, minmay_rat_hole
D:3:      layout_loops_ring
D:4:      layout_loops_ring, mainiacjoe_overflow_concentric_impassable,
          serial_shops, nicolae_shop_statue_plus, uniq_natasha
D:5:      layout_basic, gup_sewer_entry_glass, kb_lookout_dungeons_type,
          uniq_ijyb
D:6:      lemuel_ratsnest, layout_loops_ring, minmay_temple_entry_antechambers,
          minivault_27, hangedman_feature_mirror, minmay_statues_item,
          chequers_serial_rivers_large_b, minmay_misc_feat_chi,
          corexii_leaking_fountain
D:7:      nicolae_whirlpool, layout_rooms, nicolae_ossuary_entry_giza,
          serial_shops, nicolae_shop_trees
D:8:      layout_basic, dpeg_oklobed_lair, serial_ice, serial_ice_e,
          serial_ice_o, serial_ice_k, serial_ice_a, serial_ice_n, serial_ice_m,
          serial_ice_g, serial_ice_c, serial_ice_d, serial_ice_h

Skill      XL: |  1  2  3  4  5  6  7  8 |
---------------+-------------------------+-----
Fighting       | 3 4 |  4.7
Stealth        | 1 2 |  2.5
Long Blades    | 3 |  3.1
Axes           | 1 3 4 5 6 |  6.7
Armour         | 2 3 4 5 |  5.1
Throwing       | 2 3 |  3.1
Dodging        | 3 |  3.9
Evocations     | 1 |  1.6
Short Blades   | |  0.3
Maces & Flails | |  0.1
Spellcasting   | |  1.4
Translocations | |  2.3

Action                   |  1- 3 |  4- 6 |  7- 9 || total
-------------------------+-------+-------+-------++-------
Melee: Falchion          |    40 |       |       ||    40
       Headbutt          |    10 |    12 |    15 ||    37
       Short sword       |    13 |       |       ||    13
       War axe           |    14 |   106 |   128 ||   248
       Punch             |       |     2 |     1 ||     3
  Use: Scroll            |       |     5 |       ||     5
Armor: Leather armour    |     9 |       |       ||     9
       Ring mail         |    11 |    39 |    61 ||   111
Dodge: Dodged            |    50 |    60 |    84 ||   194
